 Dungeon Crawl Stone Soup version 0.21.1-1-g345015f (webtiles) character file.

19350 wojtek the Cleaver (level 12, -1/106 HPs)
             Began as a Minotaur Fighter on July 31, 2018.
             Was a High Priest of Makhleb.
             Slain by a large slime creature (20 damage)
             ... on level 12 of the Dungeon.
             The game lasted 00:13:26 (8664 turns).

wojtek the Cleaver (Minotaur Fighter)               Turns: 8664, Time: 00:13:27

Health: -1/106     AC: 18    Str: 33    XL:     12   Next: 35%
Magic:  17/17      EV: 10    Int: 10    God:    Makhleb [*****.]
Gold:   315        SH: 13    Dex: 10    Spells: 9/11 levels left

rFire    . . .     SeeInvis +   a - +5 hand axe of Qyreu {flame, rN+ Str+7 Int+5}
rCold    . . .     Gourm    .   c - +0 shield
rNeg     + . .     Faith    .   I - +0 plate armour
rPois    .         Spirit   .   (helmet restricted)
rElec    .         Reflect  .   q - +0 cloak
rCorr    .         Harm     .   (no gloves)
MR       .....                  N - +1 pair of boots
Stlth    ..........             C - amulet of regeneration
HPRegen  0.67/turn              j - ring of see invisible
MPRegen  0.15/turn              (no ring)

@: no status effects
A: retaliatory headbutt, horns 2
a: Minor Destruction, Lesser Servant of Makhleb, Major Destruction, Greater
Servant of Makhleb, Renounce Religion


You were on level 12 of the Dungeon.
You worshipped Makhleb.
Makhleb was extremely pleased with you.
You were not hungry.

You visited 1 branch of the dungeon, and saw 12 of its levels.

You collected 732 gold pieces.
You spent 417 gold pieces at shops.

Inventory:

Hand Weapons
 a - the +5 hand axe of Qyreu (weapon) {flame, rN+ Str+7 Int+5}
   (You found it on level 4 of the Dungeon)

   It has been specially enchanted to burn those struck by it, causing extra
   injury to most foes and up to half again as much damage against particularly
   susceptible opponents.
   Big, fiery blades are also staple armaments of hydra-hunters.
   It affects your strength (+7).
   It affects your intelligence (+5).
   It protects you from negative energy.
 b - a +0 broad axe
Armour
 c - a +0 shield (worn)
 q - a +0 cloak (worn)
 I - a +0 plate armour (worn)
 N - a +1 pair of boots (worn)
Jewellery
 j - a ring of see invisible (left hand)
 C - an amulet of regeneration (around neck)
 M - an uncursed amulet of magic regeneration {unknown}
 R - an uncursed ring of resist corrosion {unknown}
Wands
 g - a wand of flame (32)
 y - a wand of digging (5)
 L - a wand of paralysis (22)
 P - a wand of iceblast (5)
Scrolls
 e - 3 scrolls of immolation {unknown}
 h - 11 scrolls of identify
 i - a scroll of fog {unknown}
 m - 3 scrolls of random uselessness {unknown}
 p - 6 scrolls of teleportation
 s - 4 scrolls of amnesia {unknown}
 w - 9 scrolls of remove curse
 B - a scroll of noise {unknown}
 E - 3 scrolls of enchant weapon {unknown}
 F - 4 scrolls of blinking
 G - a scroll of enchant armour {unknown}
 O - a scroll of brand weapon {unknown}
Potions
 d - 3 potions of might
 k - 3 potions of degeneration {unknown}
 l - 2 potions of magic {unknown}
 o - 7 potions of curing {unknown}
 r - 2 potions of flight {unknown}
 t - a potion of resistance
 v - 4 potions of heal wounds {unknown}
 x - a potion of cancellation {unknown}
 z - a potion of berserk rage {unknown}
 A - a potion of brilliance {unknown}
 D - 4 potions of agility {unknown}
 J - a potion of lignification {unknown}
 Q - a potion of mutation {unknown}
Books
 n - a book of Minor Magic

   Spells                             Type                      Level
   a - Magic Dart                     Conjuration                  1
   b - Blink                          Translocation                2
   c - Call Imp                       Summoning                    2
   d - Slow                           Hexes                        2
   e - Conjure Flame                  Conjuration/Fire             3
   f - Mephitic Cloud                 Conjuration/Poison/Air       3
 H - a book of Misfortune

   Spells                             Type                      Level
   a - Confusing Touch                Hexes                        1
   b - Confuse                        Hexes                        3
   c - Gell's Gravitas                Translocation                3
   d - Petrify                        Transmutation/Earth          4
   e - Metabolic Englaciation         Hexes/Ice                    5
   f - Yara's Violent Unravelling     Hexes/Transmutation          5
 K - a book of Cantrips

   Spells                             Type                      Level
   a - Confusing Touch                Hexes                        1
   b - Animate Skeleton               Necromancy                   1
   c - Summon Small Mammal            Summoning                    1
   d - Apportation                    Translocation                1
 S - the Papyrus of Calling and Fire
   (You found it on level 11 of the Dungeon)

   Spells                             Type                      Level
   a - Flame Tongue                   Conjuration/Fire             1
   b - Throw Flame                    Conjuration/Fire             2
   c - Summon Guardian Golem          Hexes/Summoning              3
   d - Sticky Flame                   Conjuration/Fire             4
   e - Fireball                       Conjuration/Fire             5
   f - Summon Mana Viper              Hexes/Summoning              5
Comestibles
 f - 19 rations
 u - 9 chunks of flesh


   Skills:
 + Level 9.8 Fighting
 + Level 11.8 Axes
 + Level 9.8 Armour
 + Level 8.1 Dodging
 + Level 9.9 Shields
 + Level 8.2 Invocations
 + Level 5.3 Evocations


You had 9 spell levels left.
You knew the following spells:

 Your Spells              Type           Power        Failure   Level  Hunger
a - Blink                 Tloc           N/A          100%        2    ###....


Dungeon Overview and Level Annotations

Branches:
Dungeon (12/15)            Temple (0/1) D:6            Lair (0/6) D:10
    Orc (0/2) D:9

Altars:
Ashenzari
Dithmenos
Elyvilon
Hepliaklqana
Kikubaaqudgha
Makhleb
Qazlal
Ru
Sif Muna
Trog
Wu Jian
Zin
The Shining One

Shops:
D:4 ?   D:8 [   D:11 *


Innate Abilities, Weirdness & Mutations

You reflexively headbutt those who attack you in melee.
You have a pair of horns on your head.


Message History

You slash the slime creature! You burn the slime creature.
You slash the large slime creature! You burn the large slime creature.
The slime creature hits you but does no damage.
You block the slime creature's attack.
Unknown command.
You slash the slime creature! You burn the slime creature.
You kill the slime creature!
Makhleb accepts your kill.
You feel better.
You slash the large slime creature! You burn the large slime creature!
You slash the slime creature! You burn the slime creature.
The slime creature hits you but does no damage.
The large slime creature hits you!!
* * * LOW HITPOINT WARNING * * *
You slash the slime creature! You burn the slime creature.
You headbutt the slime creature!
The slime creature is almost dead.
Your shield and plate armour prevent you from hitting the large slime creature.
You block the slime creature's attack. The large slime creature hits you!!
You die...

##############
###............#
#..............#
#.<††........#
#.>.†........#
#...@J.......#
#...J...^....#
#............#
#......J).)..#
#........)...#
##########.###
###.# ###..)#
#..<###


You could see a large slime creature and 2 slime creatures.

Vanquished Creatures
  The ghost of Exporg the Cleaver, a journeyman DsBe of Trog (D:10)
  A hydra (D:11)
  3 two-headed ogres
  4 unseen horrors (D:11)
  Pikel (D:8)
  3 ugly things
  Joseph (D:8)
  A gargoyle (D:11)
  2 trolls
  A hornet (D:9)
  Prince Ribbit (D:6)
  2 slime creatures (D:12)
  4 hippogriffs
  20 yaks
  A spriggan (D:7)
  A vampire (D:11)
  4 wyverns
  2 steam dragons
  A hungry ghost (D:11)
  3 wargs (D:9)
  Menkaure (D:7)
  2 slaves (D:8)
  A hornet zombie (D:7)
  6 ice beasts
  2 orc warriors
  3 sky beasts
  A black bear (D:11)
  5 phantoms
  5 ogres
  2 centaurs
  4 bullfrogs
  A gnoll sergeant (D:10)
  4 scorpions
  9 howler monkeys
  A centaur zombie (D:7)
  5 crimson imps
  2 centaur skeletons
  5 jellies
  5 bullfrog zombies
  8 orc priests
  Crazy Yiuf (D:2)
  2 bullfrog skeletons
  9 hounds
  13 orc wizards
  Jessica (D:2)
  6 iguanas
  Natasha (thrice) (D:3)
  9 worker ants
  A hound skeleton (D:9)
  2 worker ant zombies
  10 gnolls
  14 adders
  7 shadow imps
  2 oozes
  2 worms
  2 dart slugs
  28 orcs
  A ball python (D:2)
  11 giant cockroaches
  6 goblins
  8 hobgoblins
  12 jackals
  9 quokkas
  12 bats
  10 frilled lizards
  A jackal skeleton (D:4)
  5 kobolds
  A quokka zombie (D:6)
  16 rats
333 creatures vanquished.

Vanquished Creatures (others)
  2 slaves (D:8)
2 creatures vanquished.

Grand Total: 335 creatures vanquished

Notes
Turn   | Place    | Note
-------+----------+-------------------------------------------
     0 | D:1      | wojtek the Minotaur Fighter began the quest for the Orb.
     0 | D:1      | Reached XP level 1. HP: 19/19 MP: 0/0
    38 | D:1      | Reached skill level 3 in Axes
    61 | D:1      | Reached XP level 2. HP: 24/26 MP: 1/1
   204 | D:1      | Reached skill level 4 in Axes
   531 | D:1      | Reached XP level 3. HP: 31/31 MP: 2/2
   664 | D:2      | Learned a level 2 spell: Blink
   766 | D:2      | Found a runed door.
   770 | D:2      | Noticed Crazy Yiuf
   774 | D:2      | Killed Crazy Yiuf
   774 | D:2      | Reached skill level 5 in Axes
   774 | D:2      | Reached XP level 4. HP: 37/39 MP: 3/3
   849 | D:2      | Reached skill level 6 in Axes
   992 | D:2      | Noticed Jessica
  1220 | D:2      | Killed Jessica
  1220 | D:2      | Reached XP level 5. HP: 45/45 MP: 4/4
  1271 | D:2      | Found a shattered altar of Ashenzari.
  1694 | D:3      | Found a burning altar of Makhleb.
  1745 | D:3      | Became a worshipper of Makhleb the Destroyer
  1755 | D:3      | Noticed Natasha
  1765 | D:3      | Killed Natasha
  1765 | D:3      | Reached skill level 7 in Axes
  1943 | D:3      | Reached skill level 1 in Invocations
  2081 | D:3      | Noticed Natasha
  2093 | D:3      | Killed Natasha
  2190 | D:3      | Noticed Natasha
  2197 | D:3      | Killed Natasha
  2197 | D:3      | Reached XP level 6. HP: 45/51 MP: 6/6
  2438 | D:4      | Noticed a moth of wrath
  2448 | D:4      | Found a bloodstained altar of Trog.
  2464 | D:4      | Reached * piety under Makhleb
  2540 | D:4      | Got a bloodstained hand axe
  2541 | D:4      | Identified the +5 hand axe of Qyreu {flame, rN+ Str+7 Int+5} (You found it on level 4 of the Dungeon)
  2596 | D:4      | Reached skill level 8 in Axes
  2715 | D:4      | Reached XP level 7. HP: 58/58 MP: 8/8
  2842 | D:4      | Reached skill level 1 in Dodging
  2858 | D:4      | Found Xyeparocw's Magic Scroll Shop.
  2881 | D:4      | Bought a scroll of teleportation for 39 gold pieces
  2881 | D:4      | Bought a scroll of blinking for 97 gold pieces
  2881 | D:4      | Bought a scroll of identify for 26 gold pieces
  3294 | D:5      | Entered Level 5 of the Dungeon
  3393 | D:5      | Noticed a yak
  3396 | D:5      | Noticed a yak
  3398 | D:5      | Noticed a yak
  3400 | D:5      | Noticed a yak
  3400 | D:5      | Noticed a yak
  3401 | D:5      | Noticed a yak
  3405 | D:5      | Killed a yak
  3405 | D:5      | Reached XP level 8. HP: 67/67 MP: 9/9
  3611 | D:6      | Found a hazy altar of Hepliaklqana.
  3632 | D:6      | Found a staircase to the Ecumenical Temple.
  3721 | D:6      | Reached skill level 5 in Shields
  3929 | D:6      | Reached skill level 5 in Fighting
  3929 | D:6      | Reached skill level 5 in Armour
  3999 | D:6      | Found a glowing golden altar of the Shining One.
  4000 | D:6      | Found a white marble altar of Elyvilon.
  4002 | D:6      | Found a stormy altar of Qazlal.
  4016 | D:6      | Noticed Prince Ribbit
  4022 | D:6      | Killed Prince Ribbit
  4022 | D:6      | Reached skill level 9 in Axes
  4075 | D:6      | Reached ** piety under Makhleb
  4258 | D:5      | Reached XP level 9. HP: 73/75 MP: 11/11
  4268 | D:5      | Reached skill level 5 in Invocations
  4369 | D:5      | Found a shattered altar of Ashenzari.
  4369 | D:5      | Found a sacrificial altar of Ru.
  4387 | D:5      | Found an ancient bone altar of Kikubaaqudgha.
  4755 | D:7      | Noticed Menkaure
  4762 | D:7      | Killed Menkaure
  4764 | D:7      | Reached skill level 1 in Evocations
  4823 | D:7      | Reached skill level 5 in Dodging
  4834 | D:7      | Reached skill level 10 in Axes
  4901 | D:7      | Found a shadowy altar of Dithmenos.
  4982 | D:7      | Reached XP level 10. HP: 86/86 MP: 13/13
  5055 | D:7      | Reached *** piety under Makhleb
  5158 | D:8      | Noticed Pikel
  5172 | D:8      | Killed Pikel
  5328 | D:8      | Noticed a two-headed ogre
  5332 | D:8      | Killed a two-headed ogre
  5476 | D:8      | Noticed Joseph
  5476 | D:8      | Paralysed by Joseph for 3 turns
  5484 | D:8      | Paralysed by Joseph for 2 turns
  5495 | D:8      | Killed Joseph
  5675 | D:8      | Found Weesoc's Antique Armour Shop.
  5690 | D:8      | Bought a pair of embroidered boots for 255 gold pieces
  6137 | D:9      | Found a deep blue altar of Sif Muna.
  6242 | D:9      | Found an ornate altar of the Wu Jian Council.
  6264 | D:9      | Paralysed by a hornet for 1 turns
  6285 | D:9      | Found a staircase to the Orcish Mines.
  6423 | D:9      | Reached **** piety under Makhleb
  6482 | D:9      | Reached XP level 11. HP: 94/94 MP: 15/15
  6694 | D:9      | Found a glowing silver altar of Zin.
  6781 | D:10     | Entered Level 10 of the Dungeon
  6781 | D:10     | Noticed Exporg's ghost (journeyman DsBe)
  6816 | D:10     | Killed Exporg's ghost
  6817 | D:10     | Found a staircase to the Lair.
  6927 | D:10     | Noticed a two-headed ogre
  6934 | D:10     | Killed a two-headed ogre
  6951 | D:10     | Noticed a two-headed ogre
  6960 | D:10     | Killed a two-headed ogre
  6960 | D:10     | Reached skill level 11 in Axes
  7429 | D:10     | Reached ***** piety under Makhleb
  7666 | D:11     | Found Entopry's General Store.
  7739 | D:11     | Noticed an unseen horror
  7748 | D:11     | Noticed an unseen horror
  7750 | D:11     | Killed an unseen horror
  7762 | D:11     | Noticed an unseen horror
  7765 | D:11     | Killed an unseen horror
  7775 | D:11     | Noticed an unseen horror
  7778 | D:11     | Killed an unseen horror
  7783 | D:11     | Killed an unseen horror
  7783 | D:11     | Reached XP level 12. HP: 105/105 MP: 16/16
  7891 | D:11     | Reached skill level 5 in Evocations
  7921 | D:11     | Noticed a seven-headed hydra
  7931 | D:11     | Killed a two-headed hydra
  8201 | D:11     | Identified the Papyrus of Calling and Fire
  8664 | D:12     | Slain by a large slime creature

Skill      XL: |  1  2  3  4  5  6  7  8  9 10 11 12 |
---------------+-------------------------------------+-----
Axes           | 3 4 5 6 7 8 9 10 11 | 11.8
Invocations    | 1 3 4 5 6 7 8 |  8.2
Dodging        | 2 3 5 6 7 8 |  8.1
Shields        | 4 5 7 8 9 |  9.9
Fighting       | 4 5 7 8 9 |  9.8
Armour         | 4 5 7 8 9 |  9.8
Evocations     | 1 3 4 5 |  5.3

Action                   |  1- 3 |  4- 6 |  7- 9 | 10-12 || total
-------------------------+-------+-------+-------+-------++-------
Melee: War axe           |    63 |   137 |       |       ||   200
       Headbutt          |     7 |    17 |    35 |   137 ||   196
       Hand axe          |       |    12 |   196 |   508 ||   716
  Use: Scroll            |       |       |     2 |       ||     2
  Eat: Chunk             |       |     6 |     7 |    13 ||    26
Armor: Scale mail        |    14 |    76 |    16 |       ||   106
       Plate armour      |       |       |    38 |   165 ||   203
Dodge: Dodged            |    24 |    37 |    35 |   115 ||   211
Block: Shield            |    31 |    84 |    80 |   250 ||   445
